 Dungeon Crawl Stone Soup version 0.27-a0-1140-g099f9bb0e8 (webtiles) character file.

Game seed: 16090100952357532347

490 leviel the Chopper (level 6, -9/56 HPs)
             Began as a Minotaur Fighter on May 9, 2021.
             Mangled by an ogre
             ... wielding a +0 giant club
              (19 damage)
             ... on level 4 of the Dungeon.
             The game lasted 00:05:17 (3252 turns).

leviel the Chopper (Minotaur Fighter)               Turns: 3252, Time: 00:05:18

Health: -9/56      AC:  8    Str: 23    XL:     6   Next: 90%
Magic:  5/5        EV:  7    Int:  5    God:
Gold:   143        SH:  9    Dex:  9    Spells: 5/5 levels left

rFire    . . .     SeeInvis .   a - +0 war axe
rCold    . . .     Faith    .   c - +0 kite shield
rNeg     . . .     Spirit   .   b - +1 scale mail
rPois    .         Reflect  .   (helmet restricted)
rElec    .         Harm     .   (no cloak)
rCorr    .         Rampage  .   (no gloves)
Will     .....                  (no boots)
Stlth    ..........             (no amulet)
HPRegen  0.18/turn              (no ring)
MPRegen  0.09/turn              (no ring)

@: no status effects
A: horns 2, retaliatory headbutt
a: no special abilities


You were on level 4 of the Dungeon.
You visited 1 branch of the dungeon, and saw 4 of its levels.

You collected 143 gold pieces.

Inventory:

Hand Weapons
 a - a +0 war axe (weapon)
Missiles
 h - a throwing net (quivered)
Armour
 b - a +1 scale mail (worn)
 c - a +0 kite shield (worn)
Wands
 d - a wand of iceblast (3)
Scrolls
 i - 2 scrolls of identify
Potions
 g - a potion of curing


   Skills:
 + Level 5.6 Fighting
 * Level 6.6 Axes
 + Level 5.6 Armour
 - Level 3.6 Shields


You had 5 spell levels left.
You didn't know any spells.
Your spell library was empty.

Dungeon Overview and Level Annotations

Branches:
Dungeon (4/15)
 Temple: D:4-7

Altars:
Dithmenos

Annotations:
D:4 Edmund, Pikel


Innate Abilities, Weirdness & Mutations

You have a pair of horns on your head.
You reflexively headbutt those who attack you in melee.


Message History

You aren't carrying any items that you can evoke.
Found a paperback book.
You see here a wand of iceblast (4).
d - a wand of iceblast (4) Pikel says, "You'll make a fine lemure."
Pikel hits you with a +1 whip of flaming.
* * * LOW HITPOINT WARNING * * *
Pikel burns you.
* * * LOW HITPOINT WARNING * * *
Pikel waves his whip at you.
Aiming: Iceblast
Press: ? - help, Shift-Dir - straight line, f - goblin
Aim: a goblin, wielding a +0 dagger The mass of ice explodes!
The iceblast engulfs Pikel.
Pikel is heavily wounded.
The iceblast engulfs the goblin!
You kill the goblin!
Pikel hits you but does no damage.
Pikel hits you with a +1 whip of flaming!
* * * LOW HITPOINT WARNING * * *
Pikel burns you.
* * * LOW HITPOINT WARNING * * *
Edmund clears his throat.
A centaur skeleton comes into view.
Found a scroll of enchant armour.
Found a potion of might.
An ogre comes into view. It is wielding a +0 giant club.
The ogre shouts!
Found a scroll labelled RITICY ENUUCS.
Pikel says, "All the demons know me.
They respect me."
Edmund says, "I might not be good at magic, but I can still kill you!"
You block the ogre's attack.
Edmund gestures with his flail.
Pikel cracks his whip.
There is a stone staircase leading down here.
The lemure shouts!
The lemure closely misses you. You block the lemure's attack.
The ogre hits you with a +0 giant club!!
You die...

#.......# #....?# ..........
#.......# #.....#... .......
#.......# ###.....#... ......
###.......###.....!..... .....
.....##.#@.K.K......## #...#
#####.........###5.#..#######..#.
#........###### #K...............
#..####?..### ###O###..########..
##.# ##...K###.@.# ##.# #.. ##K#
##.#.....### #..# ##. ...# #
#..####...# ##.# #.
#......###.####.#.# $## #@
###.##..........#... ##..#######.
.....####.#.>#### ##...#.##......
# ### #....## #...........
##....# ##.##..@...
#..#..##########.##.o....


You could see Pikel, an ogre and a lemure.

Vanquished Creatures
  Eustachio (D:4)
  3 lemures (D:4)
  A kobold brigand (D:3)
  An orc priest (D:4)
  An iguana (D:4)
  3 orc wizards
  An adder (D:2)
  3 gnolls (D:2)
  A worm (D:3)
  A dart slug (D:2)
  12 orcs
  4 ball pythons
  4 bats
  14 endoplasms
  A giant cockroach (D:1)
  6 goblins
  3 hobgoblins (D:1)
  5 jackals
  7 kobolds
  4 quokkas
  5 frilled lizards
  4 rats
85 creatures vanquished.

Notes
Turn   | Place    | Note
-------+----------+-------------------------------------------
     0 | D:1      | leviel the Minotaur Fighter began the quest for the Orb.
     0 | D:1      | Reached XP level 1. HP: 19/19 MP: 0/0
    90 | D:1      | Found a faded altar of an unknown god.
   192 | D:1      | Reached XP level 2. HP: 24/27 MP: 1/1
   249 | D:1      | Reached skill level 3 in Axes
   829 | D:2      | Reached XP level 3. HP: 33/33 MP: 2/2
  1319 | D:2      | Reached skill level 4 in Axes
  1349 | D:2      | Reached XP level 4. HP: 34/40 MP: 3/3
  1542 | D:2      | Found a shadowy altar of Dithmenos.
  1769 | D:3      | Noticed a kobold brigand
  1778 | D:3      | Killed a kobold brigand
  1779 | D:3      | Reached skill level 5 in Axes
  1779 | D:3      | Reached XP level 5. HP: 17/47 MP: 4/4
  2506 | D:4      | Noticed Eustachio
  2553 | D:4      | Reached skill level 5 in Fighting
  2553 | D:4      | Reached skill level 5 in Armour
  2926 | D:4      | Killed Eustachio
  2927 | D:4      | Reached skill level 6 in Axes
  2927 | D:4      | Reached XP level 6. HP: 30/56 MP: 5/5
  2981 | D:4      | Noticed Pikel
  3095 | D:4      | Noticed Edmund
  3252 | D:4      | Mangled by an ogre

Illustrated notes

Levels and vault maps discovered:
D:1:      dpeg_arrival_round_b, layout_loops_ring, ebering_ecumenical_altar_rust
D:2:      layout_loops_cross, basic_altar
D:3:      layout_basic, minivault_23
D:4:      layout_rooms, chequers_ossuary_entry_cave, uniq_edmund, uniq_pikel,
          uniq_eustachio

Skill      XL: |  1  2  3  4  5 |
---------------+----------------+-----
Axes           | 3 4 5 6 |  6.6
Fighting       | 4 5 |  5.6
Armour         | 4 5 |  5.6
Shields        | |  3.6

Action                   |  1- 3 |  4- 6 || total
-------------------------+-------+-------++-------
Melee: War axe           |    73 |   138 ||   211
       Headbutt          |     7 |    28 ||    35
Evoke: Wand              |       |     1 ||     1
  Use: Potion            |       |     4 ||     4
       Scroll            |       |     6 ||     6
Armor: Scale mail        |    36 |    69 ||   105
Dodge: Dodged            |    19 |    53 ||    72
Block: Kite shield       |    26 |    96 ||   122

Table legend: (Time is in decaauts)
 A = Elapsed time spent in this place.
 B = Non-inter-level travel time spent in this place.
 C = Inter-level travel time spent in this place.
 D = Time resting spent in this place.
 E = Time spent auto-exploring this place.
 F = Levels seen in this place.
 G = Mean time per level.
                   A        B        C        D        E       F      G
               +--------+--------+--------+--------+--------+-----+--------+
         Total |   3323 |   3296 |     27 |    538 |   1996 |   4 |  830.8 |
       Dungeon |   3323 |   3296 |     27 |    538 |   1996 |   4 |  830.8 |
               +--------+--------+--------+--------+--------+-----+--------+

Top non-repeatable levels by time:
     D:3: 1238 daAuts
     D:1: 850 daAuts
     D:2: 739 daAuts
     D:4: 494 daAuts
